 Dungeon Crawl Stone Soup version 0.13.1 (webtiles) character file.

55 Chiseanne the Charlatan (level 2, -1/22 HPs)
             Began as a Demonspawn Artificer on Nov 30, 2013.
             Slain by a giant gecko (3 damage)
             ... on Level 1 of the Dungeon.
             The game lasted 00:02:36 (1170 turns).

Chiseanne the Charlatan (Demonspawn Artificer)      Turns: 1170, Time: 00:02:36

HP  -1/22        AC  4     Str 11      XL: 2   Next: 75%
MP   3/3         EV 11     Int 13      God:
Gold 32          SH  0     Dex 13      Spells:  0 memorised,  1 level left

Res.Fire  : . . .   See Invis. : .   a - +0 short sword
Res.Cold  : . . .   Warding    : .   e - +0 leather armour
Life Prot.: . . .   Conserve   : .   (no shield)
Res.Poison: .       Res.Corr.  : .   (no helmet)
Res.Elec. : .       Clarity    : .   t - +0 orc cloak (curse)
Sust.Abil.: . .     Spirit.Shd : .   (no gloves)
Res.Mut.  : .       Stasis     : .   (no boots)
Res.Rott. : .       Flight     : .   l - amulet of inaccuracy {unknown}
Saprovore : . . .                    (no ring)
                                     (no ring)

@: not resistant to hostile enchantments, unstealthy
A: powered by pain 1
a: no special abilities


You were on level 1 of the Dungeon.
You were hungry.

You visited 1 branch of the dungeon, and saw 1 of its levels.

You collected 12 gold pieces.

Inventory:

Hand weapons
 a - a +0,+0 short sword (weapon)
Missiles
 j - 20 darts (quivered)
Armour
 e - a +0 leather armour (worn)
 t - a cursed +0 orcish cloak (worn)
Magical devices
 b - a wand of flame (15)
 c - a wand of enslavement (15)
 d - a wand of random effects (15)
Comestibles
 f - a bread ration
 k - a meat ration
 q - a cheese
 r - a chunk of hobgoblin flesh
Scrolls
 h - 2 scrolls of teleportation
 m - a scroll of curse armour {unknown}
 o - 2 scrolls of remove curse {unknown}
 p - a scroll of identify {unknown}
Jewellery
 l - an amulet of inaccuracy (around neck) {unknown}
Potions
 g - a potion of brilliance {unknown}
 i - a potion of curing {unknown}
 n - 2 potions of flight {unknown}
 s - 2 potions of might {unknown}


   Skills:
 * Level 1.2 Fighting
 - Level 1.0 Short Blades
 - Level 0.1 Armour
 * Level 2.2 Dodging
 - Level 0.8 Stealth
 * Level 3.6 Evocations


You had one spell level left.
You didn't know any spells.

Dungeon Overview and Level Annotations

Branches:
Dungeon (1/27)

Altars:


Innate Abilities, Weirdness & Mutations

You sometimes gain a little power by taking damage.


Message History

You miss the giant gecko.
The giant gecko is severely wounded.
The giant gecko bites you but does no damage.
You hit the giant gecko but do no damage.
The giant gecko is severely wounded.
The giant gecko closely misses you.
You miss the giant gecko.
The giant gecko is severely wounded.
The giant gecko bites you but does no damage.
The giant gecko barely misses you.
You closely miss the giant gecko.
The giant gecko is severely wounded.
The giant gecko barely misses you.
You hit the giant gecko.
The giant gecko is severely wounded.
The giant gecko closely misses you.
You miss the giant gecko.
The giant gecko is severely wounded.
The giant gecko bites you.
You die...

#.# #####.####.# #########
#..........# ######........
......##.###### #...##.##.#.##
###. #.# #.........#...
######.# #...##.#....##
#......# ##%###.##.#.##
#.###### ######.# #........
##.## #@.%.%%# ######### #...#
#l###### #
#...########b########## #
#.........##.##.......#### #
#####...#####..............>.#
#
#.).........#.##.##.##.#.....#
#
..............##.##.##.......#
#
#...........#.#...#b####.....#
# ###.#...#.###.#...#.# .....#
#


You could see a giant gecko and a bat.

Vanquished Creatures
  A giant gecko (D:1)
  2 oozes (D:1)
  2 bats (D:1)
  A giant cockroach (D:1)
  3 hobgoblins (D:1)
  2 kobolds (D:1)
  2 giant newts (D:1)
  4 goblins (D:1)
  2 rats (D:1)
19 creatures vanquished.

Notes
Turn   | Place    | Note
--------------------------------------------------------------
     0 | D:1      | Chiseanne, the Demonspawn Artificer, began the quest for the Orb.
     0 | D:1      | Reached XP level 1. HP: 16/16 MP: 1/1
   354 | D:1      | Gained mutation: You sometimes gain a little power by taking damage. [demonic ancestry]
   354 | D:1      | Reached XP level 2. HP: 22/22 MP: 3/3
   604 | D:1      | Reached skill level 1 in Short Blades
  1170 | D:1      | Slain by a giant gecko

Action                   || total
-------------------------++-------
Melee: Short sword       ||   154
  Use: Scroll            ||     2
